 Dungeon Crawl Stone Soup version 0.29.0 (webtiles) character file.

Game seed: 9345293135074118576

8695 Dorkslayer the Carver (level 11, -1/83 HPs)
             Began as a Demonspawn Fighter on Sept 13, 2022.
             Was an Initiate of Gozag.
             Killed from afar by a gargoyle (9 damage)
             ... with a stone arrow
             ... on level 10 of the Dungeon.
             The game lasted 00:28:09 (9900 turns).

Dorkslayer the Carver (Demonspawn Fighter)          Turns: 9900, Time: 00:28:10

Health: -1/83      AC: 25    Str: 20    XL:     11   Next: 13%
Magic:  11/11      EV:  8    Int: 14    God:    Gozag
Gold:   1861       SH:  5    Dex: 13    Spells: 10/10 levels left

rFire   . . .      SeeInvis .   K - +4 falchion (flame)
rCold   . . .      Faith    .   c - +0 buckler
rNeg    . . .      Spirit   .   t - +0 plate armour
rPois   .          Reflect  .   A - +2 helmet
rElec   .          Harm     .   (no cloak)
rCorr   .          Rampage  .   (no gloves)
Will    .....                   x - +0 pair of boots {Fly}
Stlth   ..........              (no amulet)
HPRegen 0.23/turn               j - +4 ring of protection
MPRegen 0.12/turn               I - +4 ring of protection

@: flying
A: demonic guardian 2, big brain 2, demonic magic 2, demonic touch 1
a: Renounce Religion, Potion Petition, Call Merchant, Bribe Branch


You were on level 10 of the Dungeon.
You worshipped Gozag.
Gozag was most pleased with you.
You visited 2 branches of the dungeon, and saw 11 of its levels.

You collected 1969 gold pieces.
You paid 108 gold pieces to Gozag.

Inventory:

Hand Weapons
 a - a +0 long sword
 K - a +4 falchion of flaming (weapon)
Missiles
 h - 6 boomerangs (quivered)
 q - 6 javelins
Armour
 c - a +0 buckler (worn)
 t - a +0 plate armour (worn)
 x - a +0 pair of boots of flying (worn)
 A - a +2 helmet (worn)
Jewellery
 b - a +4 ring of protection
 j - a +4 ring of protection (left hand)
 C - a ring of protection from cold
 H - an amulet of faith
 I - a +4 ring of protection (right hand)
Wands
 d - a wand of charming (5)
 B - a wand of mindburst (1)
 J - a wand of roots (7)
Scrolls
 i - a scroll of vulnerability {unknown}
 l - 6 scrolls of teleportation
 m - 2 scrolls of immolation
 v - 2 scrolls of blinking
 w - 2 scrolls of torment {unknown}
 y - 2 scrolls of fog {unknown}
 z - 2 scrolls of enchant armour {unknown}
 D - a scroll of noise {unknown}
 E - 2 scrolls of silence
 L - 2 scrolls of magic mapping {unknown}
Potions
 e - a potion of flight {unknown}
 f - 3 potions of brilliance
 g - a potion of ambrosia
 k - a potion of magic
 n - a potion of resistance
 o - a potion of berserk rage
 p - a potion of curing
 s - a potion of lignification {unknown}
 u - a potion of mutation {unknown}
 M - a potion of cancellation {unknown}


   Skills:
 + Level 6.5 Fighting
 + Level 8.9 Long Blades
 + Level 2.0 Throwing
 + Level 6.5 Armour
 * Level 6.4 Dodging
 + Level 1.7 Stealth
 + Level 5.5 Shields
 * Level 6.8 Evocations


You had 10 spell levels left.
You didn't know any spells.
Your spell library contained the following spells:

 Spells                   Type           Power      Damage    Failure   Level
 Inner Flame              Hex/Fire       0%         N/A       100%        3
 Cause Fear               Hex            0%         N/A       100%        4
 Discord                  Hex            0%         N/A       100%        8


Dungeon Overview and Level Annotations

Branches:
Dungeon (10/15)            Temple (1/1) D:7             Orc (0/2) D:9
   Lair: D:8-11

Altars:
Ashenzari
Fedhas
Gozag
Nemelex Xobeh
Ru
Sif Muna
Uskayaw
Wu Jian

Shops:
D:1 :   D:9 (


Innate Abilities, Weirdness & Mutations

A demonic guardian rushes to your aid.
You have an extremely huge brain. (Int +4)
Spells you cast may paralyse nearby enemies.
Your touch may inflict minor irresistible damage on your foes.


Message History

The gnoll is almost dead.
You barely miss the gnoll.
The gnoll is almost dead.
The gnoll is distracted by your dazzling golden aura.
The gnoll shouts!
You hit the gnoll. You burn the gnoll.
You kill the gnoll!
A gargoyle comes into view. It is wielding a +0 flail.
Things that are here:
5 gold pieces; a +0 whip You barely miss the gargoyle.
You block the gargoyle's attack.
You hit the gargoyle but do no damage.
The gargoyle hits you but does no damage.
You hit the gargoyle but do no damage.
The gargoyle hurls a stone arrow at you.
You block the stone arrow.
You barely miss the gargoyle. The gargoyle hits you with a +0 flail.
You hit the gargoyle but do no damage. The gargoyle hits you with a +0 flail!
You completely miss the gargoyle. The gargoyle hits you with a +0 flail!
You hit the gargoyle. You burn the gargoyle.
The gargoyle is lightly damaged.
The gargoyle hurls a stone arrow at you.
The stone arrow misses you.
You barely miss the gargoyle.
The gargoyle is lightly damaged.
You completely miss the gargoyle.
The gargoyle is lightly damaged.
The gargoyle hurls a stone arrow at you.
The stone arrow hits you!!
* * * LOW HITPOINT WARNING * * *
A demonic guardian appears!
You hit the gargoyle but do no damage.
The gargoyle is lightly damaged.
You block the gargoyle's attack.
You hit the gargoyle but do no damage.
The gargoyle is lightly damaged.
The gargoyle hurls a stone arrow at you.
The stone arrow hits you!
You die...
Your body crumbles into a pile of gold.

#.. ..
..#########..###
................
...............
#...........#
#...........##
#.............
#.<...(.......
#.$$$4@9.....#
.#######$............
........$............
.....................
.#######...[........#
#.............
#...$.........
#..#######.... $ #..#


You could see a gargoyle (ally target) and a friendly hellwing (summoned).

Vanquished Creatures
  3 two-headed ogres
  A komodo dragon (D:9)
  A troll (D:6)
  A wyvern (D:9)
  15 yaks
  A water moccasin (D:6)
  2 sky beasts
  An ice beast (D:6)
  A black bear (D:7)
  2 ogres
  A phantom (D:7)
  2 centaurs
  2 kobold brigands
  2 gnoll sergeants
  2 bullfrogs
  2 scorpions
  2 necrophages
  24 killer bees
  3 howler monkeys (D:9)
  4 jellies
  An orc priest (D:5)
  5 hounds
  2 iguanas (D:5)
  2 orc wizards (D:5)
  5 gnolls (D:10)
  3 adders
  3 white imps
  3 ufetubi
  3 worms
  4 dart slugs
  14 orcs
  11 ball pythons
  6 bats
  11 endoplasms
  5 giant cockroaches
  3 goblins
  5 hobgoblins
  4 jackals (D:1)
  3 quokkas
  A frilled lizard (D:3)
  11 kobolds
  4 rats
181 creatures vanquished.

Vanquished Creatures (collateral kills)
  A yak (D:8)
  A wraith (D:9)
  An ice beast (D:7)
  An ogre (D:5)
  A centaur (D:5)
  2 scorpions (D:5)
  2 killer bees
  2 orc priests (D:5)
  An iguana (D:5)
  2 orc wizards
  An adder (D:2)
  A shadow imp (D:8)
  An ufetubus (D:5)
  A worm (D:2)
  7 orcs (D:5)
  2 kobolds
  2 rats (D:2)
29 creatures vanquished.

Vanquished Creatures (others)
  A killer bee (D:8)
1 creature vanquished.

Grand Total: 211 creatures vanquished

Notes
Turn   | Place    | Note
-------+----------+-------------------------------------------
     0 | D:1      | Dorkslayer the Demonspawn Fighter began the quest for the
                  | Orb.
     0 | D:1      | Reached XP level 1. HP: 18/18 MP: 1/1
   170 | D:1      | Gained mutation: You have an unusually large brain. (Int
                  | +2) [demonic ancestry]
   170 | D:1      | Reached XP level 2. HP: 19/24 MP: 2/2
   188 | D:1      | Found Wuyqat's Book Shop.
   546 | D:1      | Reached skill level 2 in Long Blades
  1059 | D:2      | Gained mutation: A weak demonic guardian rushes to your
                  | aid. [demonic ancestry]
  1059 | D:2      | Reached XP level 3. HP: 29/29 MP: 3/3
  1091 | D:2      | Reached skill level 1 in Dodging
  1133 | D:2      | Found a faded altar of an unknown god.
  1532 | D:2      | Gained mutation: Spells you cast may paralyse adjacent
                  | enemies. [demonic ancestry]
  1532 | D:2      | Reached XP level 4. HP: 26/35 MP: 4/4
  1676 | D:2      | You fall into a shaft and drop 2 floors!
  1692 | D:4      | Noticed a necrophage
  1703 | D:4      | Killed a necrophage
  1704 | D:4      | Reached skill level 3 in Long Blades
  1790 | D:4      | Identified the +5 whip "Osotecoj" {antimagic, Contam rPois
                  | Will+++ Stlth+}
  1875 | D:2      | Gained mutation: A demonic guardian rushes to your aid.
                  | [demonic ancestry]
  1875 | D:2      | Reached XP level 5. HP: 27/41 MP: 5/5
  2281 | D:3      | Found an ornate altar of the Wu Jian Council.
  2691 | D:4      | Gained mutation: Your touch may inflict minor irresistible
                  | damage on your foes. [demonic ancestry]
  2691 | D:4      | Reached XP level 6. HP: 37/48 MP: 6/6
  3101 | D:4      | Identified the +4 hand axe of the Wary Artists {flame,
                  | Fragile rPois Int+3 Stlth+}
  3527 | D:5      | Entered Level 5 of the Dungeon
  3777 | D:5      | Reached skill level 4 in Long Blades
  3777 | D:5      | Reached skill level 1 in Evocations
  3779 | D:5      | Gained mutation: Spells you cast may paralyse nearby
                  | enemies. [demonic ancestry]
  3779 | D:5      | Reached XP level 7. HP: 30/54 MP: 7/7
  4209 | D:5      | Found a sparkling altar of Nemelex Xobeh.
  4887 | D:5      | Reached skill level 5 in Long Blades
  4887 | D:5      | Reached XP level 8. HP: 47/61 MP: 8/8
  5296 | D:6      | Found a shimmering blue altar of Sif Muna.
  5499 | D:6      | Found a hide-covered altar of Uskayaw.
  5592 | D:6      | Found a broken altar of Ashenzari.
  5596 | D:6      | Saw a vision of the Swamp and the Spider Nest.
  5596 | D:6      | Noticed a culicivora
  5596 | D:6      | Noticed a demonic crawler
  5596 | D:6      | Noticed an orb spider
  5596 | D:6      | Noticed a culicivora
  5596 | D:6      | Noticed a steelbarb worm
  5596 | D:6      | Noticed a tyrant leech
  5596 | D:6      | Noticed a six-headed hydra
  5596 | D:6      | Noticed a bog body
  5596 | D:6      | Noticed a spriggan rider
  5597 | D:6      | Noticed a jumping spider
  5597 | D:6      | Noticed a spriggan druid
  5665 | D:6      | Noticed a troll
  5679 | D:6      | Killed a troll
  5984 | D:6      | Reached skill level 6 in Long Blades
  6522 | D:7      | Reached skill level 1 in Throwing
  6699 | D:7      | Identified the ring of Lilacs {rC+ rN+ rCorr Int+2 Dex-5}
  6745 | D:7      | Reached XP level 9. HP: 53/67 MP: 9/9
  6765 | D:7      | Reached skill level 5 in Fighting
  7202 | D:7      | Found a sacrificial altar of Ru.
  7311 | D:7      | Found a staircase to the Ecumenical Temple.
  7317 | Temple   | Entered the Ecumenical Temple
  7329 | Temple   | Became a worshipper of Gozag Ym Sagoz the Greedy
  7399 | D:8      | Noticed a two-headed ogre
  7400 | D:8      | Reached skill level 5 in Armour
  7410 | D:8      | Killed a two-headed ogre
  7411 | D:8      | Reached skill level 7 in Long Blades
  7411 | D:8      | Reached skill level 5 in Dodging
  7411 | D:8      | Reached skill level 5 in Evocations
  7926 | D:8      | Found a blossoming altar of Fedhas.
  7949 | D:8      | Reached XP level 10. HP: 64/76 MP: 10/10
  7968 | D:8      | Reached skill level 5 in Shields
  8108 | D:8      | Reached skill level 1 in Stealth
  8331 | D:8      | Noticed a two-headed ogre
  8337 | D:8      | Killed a two-headed ogre
  8338 | D:8      | Reached skill level 8 in Long Blades
  8891 | D:9      | Found a staircase to the Orcish Mines.
  8953 | D:9      | Found Plog's Weapon Shop.
  8978 | D:9      | Gained mutation: You have an extremely huge brain. (Int +4)
                  | [demonic ancestry]
  8978 | D:9      | Reached XP level 11. HP: 20/83 MP: 11/11
  9677 | D:9      | Identified a scroll of acquirement
  9677 | D:9      | Acquired 775 gold pieces
  9847 | D:10     | Entered Level 10 of the Dungeon
  9860 | D:10     | Noticed a two-headed ogre
  9880 | D:10     | Killed a two-headed ogre
  9900 | D:10     | Killed from afar by a gargoyle

Illustrated notes

Levels and vault maps discovered:
D:1:      dpeg_arrival_leaves_temple_mockup, layout_basic, serial_shops,
          nicolae_shop_advertising_works [nicolae_subvault_shop_adworks],
          nicolae_figureground_sparkle
D:2:      layout_rooms, chequers_ecumenical_altar_twisty
D:3:      layout_rooms, nzn_wu_jian_contemplation
D:4:      layout_basic
D:5:      layout_basic, nicolae_tso_swordbearing_angel,
          nemelex_dance_club_becter
D:6:      layout_loops_ring, kennysheep_little_box,
          mainiacjoe_overflow_alcove_2, grunt_ashenzari_visionary
          [grunt_ashenzari_visionary_swamp, grunt_ashenzari_visionary_spider],
          grunt_decor_junction
D:7:      minmay_recursive_quarters, layout_gridville, lemuel_round_altar,
          minmay_temple_entry_enclosed_plants
D:8:      layout_basic, mainiacjoe_overflow_boulevard, roderic_nine_men_s_morris
D:9:      layout_loops_ring, orc_david_3
D:10:     layout_small_grid, xom_redecorated, vehumet_crystals,
          lemuel_doored_altar, lair_entry_dummy, kennysheep_generic_room_13
Temple:   bh_familiar_temple

Skill      XL: |  1  2  3  4  5  6  7  8  9 10 11 |
---------------+----------------------------------+-----
Long Blades    | 2 3 4 5 6 7 8 |  8.9
Shields        | 3 4 5 |  5.5
Armour         | 3 4 5 6 |  6.5
Dodging        | 1 2 3 4 5 6 |  6.4
Fighting       | 4 5 6 |  6.5
Evocations     | 1 2 4 5 6 |  6.8
Throwing       | 1 2 |  2.0
Stealth        | 1 |  1.7

Action                   |  1- 3 |  4- 6 |  7- 9 | 10-12 || total
-------------------------+-------+-------+-------+-------++-------
Melee: Long sword        |   115 |   195 |    89 |       ||   399
       Falchion          |       |       |   174 |   296 ||   470
Throw: Dart              |       |     3 |    13 |     7 ||    23
       Javelin           |       |       |       |     1 ||     1
Evoke: Wand              |       |       |     7 |     8 ||    15
  Use: Scroll            |       |     4 |     4 |     9 ||    17
       Potion            |       |     4 |     6 |     3 ||    13
 Stab: Distracted        |       |     1 |       |     4 ||     5
Armor: Scale mail        |    84 |    18 |       |       ||   102
       Plate armour      |       |   220 |   232 |   176 ||   628
Dodge: Dodged            |    63 |    72 |   101 |    86 ||   322
Block: Buckler           |    27 |    56 |    77 |    46 ||   206
